 Dungeon Crawl Stone Soup version 0.31-a0-983-g7b6862f502 (webtiles) character file.

Game seed: 6058115012228091644

112 Azuregosa the Covert (level 4, -6/31 HPs)
             Began as an Octopode Delver on Nov 2, 2023.
             Was an Initiate of Gozag.
             Mangled by an orc
             ... wielding a +0 flail
              (7 damage)
             ... on level 4 of the Dungeon.
             The game lasted 00:08:15 (2928 turns).

Azuregosa the Covert (Octopode Delver)              Turns: 2928, Time: 00:08:17

Health: -6/31      AC:  1    Str: 11    XL:     4   Next: 95%
Magic:  4/4        EV: 13    Int: 12    God:    Gozag
Gold:   122        SH:  0    Dex: 15    Spells: 3/3 levels left

rFire   . . .        j - +0 long sword
rCold   . . .        (no shield)
rNeg    + . .        (helmet restricted)
rPois   .            (no amulet)
rElec   .            c - ring of positive energy
rCorr   .            (no ring)
SInv    .            (no ring)
Will    .....        (no ring)
Stlth   +++++        (no ring)
HPRegen 0.25/turn    (no ring)
MPRegen 0.09/turn    (no ring)
                     (no ring)

%: no passive effects
@: no status effects
A: almost no armour, amphibious, 8 rings, camouflage 1, gelatinous body 1,
(nimble swimmer 1), tentacles
a: Renounce Religion, Potion Petition, Call Merchant, Bribe Branch


You were on level 4 of the Dungeon.
You worshipped Gozag.
Gozag was aware of your devotion.
You visited 1 branch of the dungeon, and saw 6 of its levels.

You collected 210 gold pieces.
You paid 88 gold pieces to Gozag.

Inventory:

Hand Weapons
 a - a +0 spear
 i - a +2 dagger of draining
 j - a +0 long sword (weapon)
 l - a +0 mace of holy wrath
Missiles
 g - 39 stones
 q - 17 poisoned darts
Armour
 v - an orb of wrath
Jewellery
 c - a ring of positive energy (left tentacle)
Wands
 f - a wand of digging (3)
 h - a wand of flame (8)
Scrolls
 b - 3 scrolls of fog
 d - 2 scrolls of fear
 k - a scroll of enchant weapon {unknown}
 m - a scroll of brand weapon {unknown}
 n - a scroll of immolation {unknown}
 t - a scroll of identify {unknown}
Potions
 e - a potion of haste
 o - a potion of resistance {unknown}
 p - 2 potions of heal wounds {unknown}
 r - a potion of might {unknown}
 s - a potion of lignification {unknown}
 u - a potion of attraction {unknown}
 w - a potion of enlightenment {unknown}


   Skills:
 - Level 3.0 Fighting
 - Level 2.0 Polearms
 - Level 2.0 Dodging
 + Level 9.3 Stealth


You had 3 spell levels left.
You didn't know any spells.
Your spell library was empty.

Dungeon Overview and Level Annotations

Branches:
Dungeon (6/15)
 Temple: D:4-7

Altars:
Cheibriados
Gozag
Nemelex Xobeh
The Shining One

Shops:
D:1 (   D:2 (   D:3 (


Innate Abilities, Weirdness & Mutations

You cannot wear most types of armour.
You are amphibious.
You can wear up to eight rings at the same time.
Your skin changes colour to match your surroundings (Stealth+).
Your rubbery body absorbs attacks. (AC +1, EV +1)
((You are camouflaged when in or above water. (Stealth+)))
You have tentacles for arms and can constrict up to eight enemies at once.


Message History

You slash the orc priest! You grab the orc priest.
You squeeze the orc priest, but do no damage.
The orc priest is severely wounded.
You constrict the orc priest, but do no damage.
The orc priest closely misses you.
You hit the orc priest.
The orc priest is almost dead.
You constrict the orc priest.
The orc priest hits you with a +0 dagger.
The orc priest mumbles some strange prayers to Beogh against you.
Pain shoots through your body!
You slash the orc priest!
You kill the orc priest!
You start resting.
HP restored.
You now have 122 gold pieces (gained 4).
Things that are here:
a +0 dagger; a +0 ring mail Unknown command.
Things that are here:
a +0 dagger; a +0 ring mail
There is a stone staircase leading down here.
You climb downwards.
The black bear bites you. The black bear claws you. x2
The orc closely misses you. The goblin barely misses you.
The jelly hits you but does no damage. The orc misses you.
The hobgoblin barely misses you. The orc hits you with a +0 hand axe.
The orc priest looks braver for a moment.
The jelly hits you but does no damage. The orc hits you with a +0 flail.
The goblin closely misses you. The black bear bites you.
The black bear misses you. The black bear claws you.
There is a stone staircase leading up, spattered with blood here.
The orc shouts!
The hobgoblin hits you from afar with a +0 trident.
* * * LOW HITPOINT WARNING * * *
The orc hits you but does no damage. The black bear barely misses you.
The black bear claws you.
* * * LOW HITPOINT WARNING * * *
The black bear barely misses you. The orc hits you with a +0 flail!
You die...
Your body crumbles into a pile of gold.

.........g........#
............<.....###.
........o............
#..[..............#.#
.)......o...........#
....................####
!.....<..o.o...g.......#
...........o...oho......
...........g..>o@o...#
....o...).....oJg.....#
#........######........#
#........# #.........
#........# #.....#...
o...#.#... ....... ..
######## .


You could see a black bear, a jelly, 3 orc priests, an orc wizard (wandering), 4
orcs, a hobgoblin and 2 goblins.

Vanquished Creatures
  An orc priest (D:3)
  3 adders
  2 dart slugs
  3 endoplasms
  A giant cockroach (D:1)
  5 goblins
  7 hobgoblins
  7 quokkas
  5 ball pythons
  5 bats
  2 frilled lizards (D:3)
  3 kobolds
  9 rats
53 creatures vanquished.

Notes
Turn   | Place    | Note
-------+----------+-------------------------------------------
     0 | D:5      | Azuregosa the Octopode Delver began the quest for the Orb.
     0 | D:5      | Reached XP level 1. HP: 16/16 MP: 1/1
   137 | D:4      | Noticed a hound
   137 | D:4      | Noticed an orc wizard
   163 | D:4      | Reached skill level 7 in Stealth
   163 | D:4      | Reached XP level 2. HP: 6/21 MP: 2/2
   265 | D:4      | Noticed an ogre
   471 | D:2      | Found a snail-covered altar of Cheibriados.
   501 | D:1      | Found Ipirit's Weapon Shop.
   718 | D:1      | Reached XP level 3. HP: 25/25 MP: 3/3
  1204 | D:1      | Reached skill level 8 in Stealth
  1395 | D:2      | Found a faded altar of an unknown god.
  1560 | D:2      | Reached XP level 4. HP: 30/31 MP: 4/4
  1589 | D:2      | Found Jaffef's Weapon Boutique.
  1914 | D:3      | Found a sparkling altar of Nemelex Xobeh.
  2006 | D:3      | Found an opulent altar of Gozag.
  2006 | D:3      | Found a sparkling altar of Nemelex Xobeh.
  2007 | D:3      | Found a glowing golden altar of the Shining One.
  2013 | D:3      | Became a worshipper of Gozag Ym Sagoz the Greedy
  2183 | D:3      | Found Nyleheixti's Weapon Shoppe.
  2506 | D:3      | Reached skill level 9 in Stealth
  2697 | D:4      | Noticed a black bear
  2928 | D:4      | HP: 1/31 [black bear (5)]
  2928 | D:4      | Mangled by an orc

Illustrated notes

Levels and vault maps discovered:
D:1:      shiori_shiawase, layout_basic, serial_shops, shop, serial_glass,
          glass_columns_a, glass_columns_b, glass_columns_b, glass_columns_b,
          glass_columns_a, glass_columns_c, glass_columns_a, glass_columns_a
D:2:      layout_rooms, basic_altar, basic_ecumenical_altar, serial_shops,
          shop_statue, minmay_misc_feat_room
D:3:      wad_woods_stonehenge, layout_basic,
          chequers_temple_overflow_statue_of_worship, serial_shops,
          nicolae_shop_trees
D:4:      layout_rooms
D:5:      layout_loops_cross, uniq_duvessa
D:6:      layout_loops_cross, minmay_temple_entry_junction

Skill      XL: |  1  2  3  4 |
---------------+-------------+-----
Stealth        | 7 8 9 |  9.3
Fighting       | |  3.0
Polearms       | |  2.0
Dodging        | |  2.0

Action                     |  1- 3 |  4- 6 || total
---------------------------+-------+-------++-------
  Melee: Spear             |    18 |       ||    18
         Tentacles         |     8 |     7 ||    15
         Constrict         |     9 |     8 ||    17
         Long sword        |    35 |    31 ||    66
    Use: Scroll            |     1 |       ||     1
   Stab: Sleeping          |    18 |     9 ||    27
 Armour: Skin              |    20 |    20 ||    40
  Dodge: Dodged            |    23 |    23 ||    46

Table legend: (Time is in decaauts)
 A = Elapsed time spent in this place.
 B = Non-inter-level travel time spent in this place.
 C = Inter-level travel time spent in this place.
 D = Time resting spent in this place.
 E = Time spent auto-exploring this place.
 F = Levels seen in this place.
 G = Mean time per level.
                   A        B        C        D        E       F      G
               +--------+--------+--------+--------+--------+-----+--------+
         Total |   2962 |   2861 |    101 |    462 |   1604 |   6 |  493.7 |
       Dungeon |   2962 |   2861 |    101 |    462 |   1604 |   6 |  493.7 |
               +--------+--------+--------+--------+--------+-----+--------+

Top non-repeatable levels by time:
     D:3: 1313 daAuts
     D:1: 775 daAuts
     D:2: 510 daAuts
     D:4: 234 daAuts
     D:5: 127 daAuts
     D:6: 1 daAuts
